 Dungeon Crawl Stone Soup version 0.23.2-33-g5129a83184 (console) character file.

Game seed: 6942514174148161628

3215 FlyingSalmon the Spear-Bearer (level 9, -2/69 HPs)
             Began as a Merfolk Gladiator on July 25, 2019.
             Was a Priest of Okawaru.
             Shot with a bolt by an orc warrior (12 damage)
             ... in a bailey on July 26, 2019.
             The game lasted 00:27:47 (8810 turns).

FlyingSalmon the Spear-Bearer (Merfolk Gladiator)   Turns: 8810, Time: 00:27:48

Health: -2/69      AC: 16    Str: 17    XL:     9   Next: 97%
Magic:  0/9        EV: 19    Int:  7    God:    Okawaru [***...]
Gold:   381        SH:  0    Dex: 16    Spells: 8/8 levels left

rFire    . . .     SeeInvis .   B - +0 halberd
rCold    . . .     Gourm    .   (shield currently unavailable)
rNeg     . . .     Faith    .   j - +0 ring mail
rPois    .         Spirit   +   z - +2 helmet
rElec    .         Reflect  .   y - +0 cloak
rCorr    .         Harm     .   u - +2 pair of gloves
MR       .....                  m - +0 pair of boots
Stlth    ++........             o - amulet of guardian spirit
HPRegen  0.21/turn              E - +4 ring of slaying
MPRegen  0.11/turn              A - ring of wizardry

@: heroism
A: change form in water, swift swim, stealthy swim
a: Heroism, Renounce Religion


You were in a bailey.
You worshipped Okawaru.
Okawaru was most pleased with you.
You were not hungry.

You visited 2 branches of the dungeon, and saw 9 of its levels.
You also visited: Bailey.

You collected 381 gold pieces.

Inventory:

Hand Weapons
 a - a +1 trident
 B - a +0 halberd (weapon)
Missiles
 d - 3 throwing nets
 e - 7 exploding tomahawks
 k - 147 stones
 H - a javelin (quivered)
Armour
 b - a +0 leather armour
 c - a +0 helmet
 j - a +0 ring mail (worn)
 m - a +0 pair of boots (worn)
 u - a +2 pair of gloves (worn)
 y - a +0 cloak (worn)
 z - a +2 helmet (worn)
Jewellery
 o - an amulet of guardian spirit (around neck)
 x - an uncursed ring of flight
 A - a ring of wizardry (right hand)
 E - a +4 ring of slaying (left hand)
Wands
 v - a wand of flame (13)
Scrolls
 i - 4 scrolls of magic mapping
 s - a scroll of fog {unknown}
 t - 3 scrolls of teleportation
 w - a scroll of immolation {unknown}
 C - 4 scrolls of remove curse
 D - a scroll of enchant armour {unknown}
 F - 4 scrolls of identify
Potions
 g - 6 potions of degeneration
 h - a potion of magic
 l - a potion of might
 n - a potion of resistance {unknown}
 q - a potion of agility {unknown}
 r - a potion of ambrosia {unknown}
 G - a potion of curing {unknown}
Comestibles
 f - 8 rations
 p - 3 chunks of flesh


   Skills:
 + Level 5.8(10.8) Fighting
 * Level 14.9(19.9) Polearms
 - Level 2.0(7.0) Throwing
 + Level 4.1(9.1) Armour
 + Level 6.5(11.5) Dodging
 + Level 0.1 Invocations


You had 8 spell levels left.
You didn't know any spells.
Your spell library was empty.

Dungeon Overview and Level Annotations

Branches:
Dungeon (8/15)             Temple (1/1) D:4
   Lair: D:8-11

Altars:
Ashenzari
Cheibriados
Dithmenos
Elyvilon
Fedhas
Gozag
Hepliaklqana
Kikubaaqudgha
Makhleb
Nemelex Xobeh
Okawaru
Qazlal
Ru
Sif Muna
Trog
Vehumet
Wu Jian
Xom
Yredelemnul
Zin
The Shining One

Shops:
D:6 }

Annotations:
D:6 Harold


Message History

Aim: an orc warrior, wielding a +0 halberd and wearing a +0 chain mail (moderately wounded, unusually strong)
You reach to attack!
You impale the orc warrior!!
You kill the orc warrior!
Okawaru accepts your kill.
The orc warrior shoots a bolt.
The bolt hits you!
The orc warrior shoots a bolt.
The bolt misses you.
You are too injured to fight recklessly!
Attack whom?
Press: ? - help, Dir - move target cursor, f - orc warrior
Aim: an orc warrior, wielding a +0 arbalest and wearing a +0 scale mail (unusually strong)
You reach to attack!
You barely miss the orc warrior.
You feel like a meek peon again.
You gain the combat prowess of a mighty hero.
The orc warrior shoots a bolt.
The bolt hits you!!
* * * LOW HITPOINT WARNING * * *
The orc warrior shoots a bolt.
The bolt hits you.
* * * LOW HITPOINT WARNING * * *
The orc warrior shoots a bolt.
The bolt barely misses you.
The orc warrior shoots a bolt.
The bolt hits you!
You die...

### ##@## #(((#
#.o)# .)...o.
o≈.......≈o
≈o≈≈.......≈≈o≈
≈≈≈..#...#..≈≈≈
....##...##....
#### ##∩## ####


You could see 2 orc warriors.

Vanquished Creatures
  A hornet (D:7)
  Eustachio (D:6)
  3 orc warriors
  2 sky beasts
  An ice beast (D:7)
  3 phantoms
  4 centaurs
  4 ogres
  A big kobold (D:6)
  Blork the orc (D:4)
  2 bullfrogs
  5 scorpions
  A howler monkey (D:5)
  4 crimson imps
  A bullfrog zombie (D:7)
  3 orc priests
  4 hounds
  Crazy Yiuf (D:5)
  Ijyb (D:3)
  2 iguanas
  3 worker ants
  A killer bee zombie (D:5)
  4 gnolls (D:4)
  8 adders
  3 shadow imps
  An ooze (D:2)
  An adder skeleton (D:7)
  4 worms
  3 dart slugs
  6 leopard geckos
  8 orcs
  5 bats
  6 giant cockroaches
  11 goblins
  9 hobgoblins
  11 jackals
  13 kobolds
  2 quokkas (D:5)
  4 ball pythons
  7 frilled lizards
  A quokka skeleton (D:6)
  6 rats
  A spectral orc (D:3)
163 creatures vanquished.

Notes
Turn   | Place    | Note
-------+----------+-------------------------------------------
     0 | D:1      | FlyingSalmon the Merfolk Gladiator began the quest for the
                  | Orb.
     0 | D:1      | Reached XP level 1. HP: 16/16 MP: 1/1
   388 | D:1      | Reached XP level 2. HP: 23/23 MP: 2/2
   772 | D:1      | Reached skill level 5 in Polearms
   951 | D:1      | Reached XP level 3. HP: 28/28 MP: 3/3
  1742 | D:2      | Reached XP level 4. HP: 34/34 MP: 4/4
  1852 | D:2      | Found an ornate altar of the Wu Jian Council.
  1859 | D:2      | Reached skill level 6 in Polearms
  2227 | D:3      | Found a basalt altar of Yredelemnul.
  2312 | D:3      | Reached XP level 5. HP: 36/40 MP: 5/5
  2351 | D:3      | Reached skill level 7 in Polearms
  2394 | D:3      | Noticed Ijyb
  2871 | D:4      | Noticed a phantom
  2885 | D:4      | Reached skill level 5 in Dodging
  2926 | D:4      | Killed a phantom
  2926 | D:4      | Reached skill level 8 in Polearms
  2926 | D:4      | Reached skill level 1 in Armour
  2926 | D:4      | Reached XP level 6. HP: 20/47 MP: 6/6
  3515 | D:4      | Reached skill level 9 in Polearms
  3526 | D:4      | Reached XP level 7. HP: 24/52 MP: 7/7
  3824 | D:4      | Found a staircase to the Ecumenical Temple.
  3828 | Temple   | Entered the Ecumenical Temple
  3856 | Temple   | Became a worshipper of Warmaster Okawaru
  4877 | D:5      | Entered Level 5 of the Dungeon
  4992 | D:4      | Reached skill level 10 in Polearms
  5277 | D:5      | Noticed Blork the orc
  5280 | D:5      | Got a transparent falchion
  5303 | D:5      | Reached XP level 8. HP: 35/60 MP: 3/8
  5412 | D:5      | Reached skill level 11 in Polearms
  5725 | D:4      | Killed Blork the orc
  5939 | D:3      | Killed Ijyb
  6045 | D:3      | You fall through a shaft!
  6726 | D:5      | Found a runed translucent door.
  6727 | D:5      | Noticed Crazy Yiuf
  6734 | D:5      | Killed Crazy Yiuf
  6814 | D:6      | Reached * piety under Okawaru
  6871 | D:6      | Reached skill level 12 in Polearms
  6957 | D:6      | Noticed Eustachio
  6969 | D:6      | Killed Eustachio
  6999 | D:6      | Reached XP level 9. HP: 60/67 MP: 9/9
  7102 | D:6      | Found a basalt altar of Yredelemnul.
  7346 | D:6      | Found Mianug's Gadget Emporium.
  7496 | D:6      | Reached skill level 13 in Polearms
  7589 | D:7      | Noticed a hornet
  7598 | D:7      | Killed a hornet
  7598 | D:7      | Reached ** piety under Okawaru
  7598 | D:7      | Reached skill level 5 in Fighting
  7859 | D:7      | Reached skill level 14 in Polearms
  7951 | D:7      | Noticed Harold
  8583 | D:7      | Reached *** piety under Okawaru
  8677 | D:7      | You fall through a shaft!
  8700 | D:8      | Found a sacrificial altar of Ru.
  8774 | D:8      | Found a flagged portal.
  8790 | Bailey   | Entered a bailey
  8794 | Bailey   | Noticed an orc knight
  8795 | Bailey   | Noticed an orc knight
  8810 | Bailey   | Shot with a bolt by an orc warrior

Skill      XL: |  1  2  3  4  5  6  7  8  9 |
---------------+----------------------------+-----
Polearms       | 5 6 8 9 10 12 14 | 14.9
Fighting       | 3 4 5 |  5.8
Dodging        | 5 6 |  6.5
Armour         | 1 2 3 4 |  4.1
Throwing       | |  2.0
Invocations    | |  0.1

Action                   |  1- 3 |  4- 6 |  7- 9 || total
-------------------------+-------+-------+-------++-------
Melee: Trident           |   138 |   190 |   227 ||   555
       Halberd           |       |       |   144 ||   144
Throw: Stone             |     3 |    14 |    16 ||    33
       Throwing net      |     1 |       |       ||     1
       Javelin           |       |       |    23 ||    23
Invok: Heroism           |       |       |     4 ||     4
  Use: Scroll            |     2 |     1 |     7 ||    10
  Eat: Chunk             |     2 |     6 |     7 ||    15
       Ration            |       |       |     3 ||     3
Armor: Leather armour    |     2 |       |       ||     2
       Ring mail         |    30 |    33 |   119 ||   182
Dodge: Dodged            |    75 |   105 |   203 ||   383
